 Dungeon Crawl Stone Soup version 0.28-a0-674-gdaf460b524 (webtiles) character file.

Game seed: 6440712846540971662

1838 jasper the Ruffian (level 8, -6/94 HPs)
             Began as a Demonspawn Cinder Acolyte on Oct 17, 2021.
             Was a Priest of Ignis.
             Mangled by a two-headed ogre (23 damage)
             ... on level 8 of the Dungeon.
             The game lasted 00:13:18 (8228 turns).

jasper the Ruffian (Demonspawn Cinder Acolyte)      Turns: 8228, Time: 00:13:18

Health: -6/94      AC: 10    Str: 15    XL:     8   Next: 87%
Magic:  9/9        EV: 10    Int: 16    God:    Ignis [***...]
Gold:   215        SH:  0    Dex: 10    Spells: 2/9 levels left

rFire   + . .      SeeInvis .   a - -1 falchion (flame)
rCold   + . .      Faith    .   (no shield)
rNeg    . . .      Spirit   .   n - +0 scale mail
rPois   +          Reflect  .   g - +1 helmet
rElec   .          Harm     .   (no cloak)
rCorr   .          Rampage  .   (no gloves)
Will    .....                   e - +0 pair of boots
Stlth   ..........              G - amulet of regeneration
HPRegen 1.25/turn               i - ring of protection from cold
MPRegen 0.11/turn               l - ring of poison resistance

@: berserking, very quick
A: claws 1, hooves 1, spiny 2
a: Renounce Religion, Sea of Fire, Foxfire Swarm, Rising Flame


You were on level 8 of the Dungeon.
You worshipped Ignis.
Ignis was most pleased with you.
You visited 1 branch of the dungeon, and saw 8 of its levels.
You also visited: Ossuary.

You collected 333 gold pieces.
You spent 118 gold pieces at shops.

Inventory:

Hand Weapons
 a - a -1 falchion of flaming (weapon)
 u - a +1 short sword of electrocution
Missiles
 j - 74 bolts
 k - 118 stones (quivered)
 A - 46 poisoned darts
Armour
 b - a +0 robe
 d - a +0 ring mail
 e - a +0 pair of boots (worn)
 g - a +1 helmet (worn)
 n - a +0 scale mail (worn)
 v - the +1 leather armour "Gimaduxt" {Harm rCorr Stlth+}
   (You found it on level 5 of the Dungeon)

   rCorr:     It protects you from acid and corrosion.
   Harm:      It increases damage dealt and taken.
   Stlth:     It makes you more stealthy.
Jewellery
 i - a ring of protection from cold (left claw)
 l - a ring of poison resistance (right claw)
 G - an amulet of regeneration (around neck)
 I - a ring of see invisible
Wands
 H - a wand of mindburst (6)
Scrolls
 y - 2 scrolls of enchant armour
 z - a scroll of vulnerability
 C - 2 scrolls of teleportation
 E - a scroll of amnesia
Potions
 c - 2 potions of ambrosia
 f - a potion of brilliance
 o - a potion of degeneration
 p - a potion of magic
 q - 3 potions of cancellation
 r - a potion of invisibility
 s - a potion of heal wounds
 t - 2 potions of haste
 w - a potion of curing
 x - a potion of flight
 B - 2 potions of mutation {unknown}
 D - a potion of lignification {unknown}
 F - a potion of might {unknown}


   Skills:
 + Level 5.6 Fighting
 - Level 4.4 Long Blades
 + Level 4.1 Armour
 + Level 4.1 Dodging
 * Level 6.1 Unarmed Combat
 - Level 1.0 Spellcasting
 - Level 2.6 Fire Magic


You had 2 spell levels left.
You knew the following spells:

 Your Spells              Type           Power      Damage    Failure   Level
a - Animate Skeleton      Necr           0%         N/A       63%         1
b - Mephitic Cloud        Conj/Pois/Air  0%         N/A       94%         3
c - Ignite Poison         Fire/Tmut/Pois 3%         N/A       87%         3

Your spell library contained the following spells:

 Spells                   Type           Power      Damage    Failure   Level
 Scorch                   Fire           18%        2d6       38%         2
 Pain                     Necr           0%         1d4       63%         1
 Gell's Gravitas          Tloc           0%         N/A       94%         3
 Lesser Beckoning         Tloc           0%         N/A       94%         3
 Teleport Other           Tloc           0%         N/A       94%         3
 Vampiric Draining        Necr           0%         2d6       94%         3
 Freezing Cloud           Conj/Ice/Air   0%         6-21      100%        5


Dungeon Overview and Level Annotations

Branches:
Dungeon (8/15)             Temple (0/1) D:7         Ossuary (visited)
   Lair: D:8-11

Altars:
Elyvilon
Kikubaaqudgha
Nemelex Xobeh
Qazlal
Ru

Shops:
D:3 *   D:6 *

Annotations:
D:4 1 runed translucent door, Crazy Yiuf


Innate Abilities, Weirdness & Mutations

You have sharp fingernails.
You have large cloven feet.
You are mostly covered in sharp spines.


Message History

Aiming: Mindburst
Press: ? - help, Shift-Dir - straight line, f - two-headed ogre
Aim: a two-headed ogre, wielding two +0 giant clubs (chance to affect: 48%)
The two-headed ogre resists with some effort.
Aiming: Mindburst
Press: ? - help, Shift-Dir - straight line, f/p - two-headed ogre
Aim: a two-headed ogre, wielding two +0 giant clubs (chance to affect: 48%)
The two-headed ogre resists with some effort.
Aiming: Mindburst
Press: ? - help, Shift-Dir - straight line, f/p - two-headed ogre
Aim: a two-headed ogre, wielding two +0 giant clubs (chance to affect: 48%)
The two-headed ogre's minds are blasted!
Aiming: Mindburst
Press: ? - help, Shift-Dir - straight line, f/p - two-headed ogre
Aim: a two-headed ogre, wielding two +0 giant clubs (lightly wounded, chance to affect: 48%)
The two-headed ogre's minds are blasted!
Okay, then.
You slash the two-headed ogre! You burn the two-headed ogre.
The two-headed ogre is heavily wounded.
The two-headed ogre hits you with a +0 giant club!
The two-headed ogre hits you with a +0 giant club!!
You take 32 damage, and have 31/63 hp.
MASSIVE DAMAGE!!
You regained 2 hp, and now have 34/63 hp.
Okay, then.
A red film seems to cover your vision as you go berserk!
You feel yourself moving faster!
You feel mighty!
The two-headed ogre is struck by your spines.
The two-headed ogre hits you with a +0 giant club!!
* * * LOW HITPOINT WARNING * * *
The two-headed ogre hits you with a +0 giant club!
* * * LOW HITPOINT WARNING * * *
You now have 15/94 hp.
You barely miss the two-headed ogre.
The two-headed ogre is heavily wounded.
Your scale mail prevents you from hitting the two-headed ogre.
The two-headed ogre is heavily wounded.
The two-headed ogre is struck by your spines.
The two-headed ogre misses you.
The two-headed ogre hits you with a +0 giant club!!
You die...

*,*,,,,,,≈*****≈,*,*,,***,
*,*****,,≈≈≈≈≈≈≈,,,,,,,,,,
*,* **,,,,...,,*,**,*,**
*,**********..,*,,,**,*,*
*,,,,,,,,,,,$.,,,,,,,,*,*
************.#**,******,*
*.# *,* *,*
#####.###.##****,*
#.@O........,,**,*
#.#####.####*,,,,*
#.#⌠≈≈***≈≈⌠*,,***
#.#≈≈≈≈≈≈≈≈≈*,,****
#.#≈≈≈***≈≈≈*,,**,,
##.##≈**,**≈**,,*,,,
#...+≈*,_,≈≈*,,,,,≈,
######..##≈**,**≈**,,,,≈≈
#..<....#≈≈≈***≈≈≈*,,,,,,


You could see a two-headed ogre.

Vanquished Creatures
  A cyclops (D:6)
  Sigmund (D:2)
  A water moccasin (D:7)
  An ice beast (D:5)
  3 phantoms
  2 wyvern skeletons
  2 howler monkeys (D:7)
  A centaur zombie (D:7)
  A hound (D:4)
  A centaur skeleton (D:4)
  An orc priest (D:3)
  Natasha (twice) (D:2)
  2 iguanas
  3 orc wizards
  A killer bee zombie (D:7)
  3 mummies (Ossuary)
  A hound skeleton (D:4)
  A howler monkey zombie (D:6)
  11 adders
  3 gnolls (D:7)
  2 white imps
  2 adder zombies (Ossuary)
  3 worms
  A dart slug (D:1)
  21 orcs
  7 bats
  7 endoplasms
  6 giant cockroaches
  2 gnoll zombies (Ossuary)
  6 goblins
  7 hobgoblins
  9 jackals
  17 kobolds
  4 quokkas
  5 ball pythons
  3 frilled lizards
  3 goblin zombies (Ossuary)
  3 hobgoblin zombies (Ossuary)
  2 kobold zombies (Ossuary)
  An orc zombie (Ossuary)
  4 quokka zombies (Ossuary)
  5 rats
  A rat zombie (Ossuary)
163 creatures vanquished.

Vanquished Creatures (others)
  A human (D:7)
  A butterfly (D:6)
  63 foxfires
  6 plants (D:4)
71 creatures vanquished.

Grand Total: 234 creatures vanquished

Notes
Turn   | Place    | Note
-------+----------+-------------------------------------------
     0 | D:1      | jasper the Demonspawn Cinder Acolyte began the quest for
                  | the Orb.
     0 | D:1      | Reached XP level 1. HP: 18/18 MP: 2/2
    41 | D:1      | Gained mutation: You are partially covered in sharp spines.
                  | [demonic ancestry]
    41 | D:1      | Reached XP level 2. HP: 4/24 MP: 3/3
   533 | D:1      | Reached XP level 3. HP: 27/29 MP: 4/4
  1335 | D:2      | Discovered your monstrous ancestry.
  1335 | D:2      | Gained mutation: You have large cloven feet. [demonic
                  | ancestry]
  1335 | D:2      | Reached XP level 4. HP: 35/35 MP: 5/5
  1908 | D:2      | Found an ancient bone altar of Kikubaaqudgha.
  1908 | D:2      | Noticed Natasha
  1915 | D:2      | Killed Natasha
  1916 | D:2      | Reached skill level 1 in Unarmed Combat
  1935 | D:2      | Noticed Sigmund
  1939 | D:2      | Killed Sigmund
  1940 | D:2      | Reached skill level 1 in Armour
  1940 | D:2      | Reached skill level 1 in Dodging
  1940 | D:2      | Reached skill level 2 in Unarmed Combat
  1940 | D:2      | Gained mutation: You are mostly covered in sharp spines.
                  | [demonic ancestry]
  1940 | D:2      | Reached XP level 5. HP: 23/41 MP: 6/6
  1940 | D:2      | Gained mutation: You have sharp fingernails. [demonic
                  | ancestry]
  1940 | D:2      | Reached XP level 6. HP: 26/47 MP: 7/7
  2175 | D:2      | Noticed Natasha
  2184 | D:2      | Killed Natasha
  2680 | D:3      | Found a faded altar of an unknown god.
  2886 | D:3      | Reached skill level 3 in Unarmed Combat
  3213 | D:3      | Found Punubo's Assorted Antiques.
  3218 | D:3      | Bought a silvery potion for 20 gold pieces
  3218 | D:3      | Bought a scroll labelled MUCOSI BEDE for 23 gold pieces
  3797 | D:4      | Learned a level 1 spell: Animate Skeleton
  3801 | D:4      | Learned a level 3 spell: Mephitic Cloud
  3805 | D:4      | Learned a level 3 spell: Ignite Poison
  3866 | D:4      | Reached XP level 7. HP: 39/54 MP: 8/8
  4491 | D:4      | Found a sparkling altar of Nemelex Xobeh.
  4594 | D:4      | Reached skill level 4 in Unarmed Combat
  4723 | D:4      | Found a sacrificial altar of Ru.
  5222 | D:4      | Found a runed translucent door.
  5223 | D:4      | Noticed Crazy Yiuf
  5302 | D:5      | Entered Level 5 of the Dungeon
  5681 | D:5      | Identified the +1 leather armour "Gimaduxt" {Harm rCorr
                  | Stlth+}
  5739 | D:6      | Noticed a cyclops
  5826 | D:6      | Killed a cyclops
  5827 | D:6      | Reached skill level 5 in Fighting
  5827 | D:6      | Reached skill level 5 in Unarmed Combat
  5827 | D:6      | Reached XP level 8. HP: 18/62 MP: 9/9
  6326 | D:6      | Found Haqao's General Store.
  6353 | D:6      | Bought a scroll of vulnerability for 75 gold pieces
  6381 | D:6      | Noticed a boulder beetle
  6402 | D:7      | Found a staircase to the Ecumenical Temple.
  6874 | D:7      | Found a sand-covered staircase.
  7006 | Ossuary  | Entered an ossuary
  7311 | D:7      | Reached skill level 6 in Unarmed Combat
  7885 | D:7      | Found a stormy altar of Qazlal.
  7986 | D:7      | Found an ancient bone altar of Kikubaaqudgha.
  8218 | D:8      | Noticed a two-headed ogre
  8228 | D:8      | Mangled by a two-headed ogre

Illustrated notes

Levels and vault maps discovered:
D:1:      lemuel_arrival_funnel, layout_rooms, minmay_unequal
D:2:      layout_basic, serial_aquarium, aquarium_bridge_square
          [aquarium_subvault_bridge, aquarium_subvault_bridge,
          aquarium_subvault_bridge, aquarium_subvault_balcony],
          aquarium_window_corridor_1, aquarium_window_1, aquarium_window_1,
          aquarium_window_1, aquarium_view_2c, aquarium_balcony_3b,
          aquarium_pool_side, basic_altar, uniq_sigmund, uniq_natasha
D:3:      layout_loops_cross, ebering_ecumenical_altar_sacrificial,
          serial_shops, shop, minmay_diced_spiral
D:4:      layout_loops_corners, mainiacjoe_overflow_brackets,
          nemelex_xobeh_ov_fountains_minmay, roderic_serpentine_path,
          serial_bayou_ford_a, uniq_crazy_yiuf_cottage
D:5:      layout_rooms
D:6:      layout_rooms, nicolae_elyvilon_peaceful_grove,
          makhleb_blood_cavern_becter, serial_shops, shop
D:7:      layout_layer_cave, nicolae_qazlal_eye_of_the_storm, tgw_kikubaaqudgha,
          temple_pool_b, nicolae_ossuary_entry_plus
D:8:      layout_loops_ring, mainiacjoe_overflow_small_starburst,
          grunt_gozag_breadcrumbs, cheibrodos_worm_habitat, enter_bailey_3

Skill      XL: |  1  2  3  4  5  6  7  8 |
---------------+-------------------------+-----
Long Blades    | 3 4 |  4.4
Unarmed Combat | 2 3 5 6 |  6.1
Armour         | 1 2 3 4 |  4.1
Dodging        | 1 2 3 4 |  4.1
Fighting       | 4 5 |  5.6
Spellcasting   | |  1.0
Fire Magic     | |  2.6

Action                   |  1- 3 |  4- 6 |  7- 9 || total
-------------------------+-------+-------+-------++-------
Melee: Falchion          |    90 |   109 |   179 ||   378
       Punch             |       |       |     3 ||     3
Throw: Stone             |     2 |    14 |    39 ||    55
       Boomerang         |       |       |    24 ||    24
Invok: Foxfire Swarm     |     1 |     1 |     3 ||     5
Evoke: Wand              |       |       |     4 ||     4
  Use: Scroll            |     3 |    10 |     9 ||    22
       Potion            |       |       |     2 ||     2
Armor: Robe              |     2 |       |       ||     2
       Ring mail         |    26 |    32 |    43 ||   101
       Scale mail        |       |       |    13 ||    13
Dodge: Dodged            |    48 |    41 |    78 ||   167

Table legend: (Time is in decaauts)
 A = Elapsed time spent in this place.
 B = Non-inter-level travel time spent in this place.
 C = Inter-level travel time spent in this place.
 D = Time resting spent in this place.
 E = Time spent auto-exploring this place.
 F = Levels seen in this place.
 G = Mean time per level.
                   A        B        C        D        E       F      G
               +--------+--------+--------+--------+--------+-----+--------+
         Total |   8305 |   7993 |    312 |   1789 |   4710 |   9 |  922.8 |
       Dungeon |   8042 |   7730 |    312 |   1789 |   4621 |   8 | 1005.2 |
       Ossuary |    262 |    262 |      0 |      0 |     89 |   1 |  262.0 |
               +--------+--------+--------+--------+--------+-----+--------+

Top non-repeatable levels by time:
     D:4: 1917 daAuts
     D:7: 1543 daAuts
     D:2: 1390 daAuts
     D:1: 1117 daAuts
     D:3: 933 daAuts
     D:6: 629 daAuts
     D:5: 475 daAuts
 Ossuary: 262 daAuts
     D:8: 34 daAuts
